 Dungeon Crawl Stone Soup version 0.30-a0-802-gb92711bcdf (webtiles) character file.

Game seed: 2784346522347616404

208 sircluck the Covert (level 5, -10/47 HPs)
             Began as a Gnoll Delver on Feb 24, 2023.
             Mangled by an iguana (12 damage)
             ... on level 5 of the Dungeon.
             The game lasted 00:01:07 (838 turns).

sircluck the Covert (Gnoll Delver)                   Turns: 838, Time: 00:01:07

Health: -10/47     AC:  3    Str: 14    XL:     5   Next: 86%
Magic:  7/7        EV: 13    Int:  9    God:
Gold:   55         SH:  0    Dex: 13    Spells: 7/7 levels left

rFire   . . .      SeeInvis .    a - +0 falchion
rCold   . . .      Faith    .    (no shield)
rNeg    . . .      Spirit   .    b - +0 leather armour
rPois   .          Reflect  .    (no helmet)
rElec   .          Harm     .    (no cloak)
rCorr   .          Rampage  .    (no gloves)
Will    .....                    (no boots)
Stlth   ++++                     (no amulet)
HPRegen 0.27/turn                (no ring)
MPRegen 0.10/turn                (no ring)

@: no status effects
A: fangs 1, strong nose, distributed training
a: no special abilities


You were on level 5 of the Dungeon.
You visited 1 branch of the dungeon, and saw 1 of its levels.

You collected 55 gold pieces.

Inventory:

Hand Weapons
 a - a +0 falchion (weapon)
Missiles
 h - 5 stones (quivered)
Armour
 b - a +0 leather armour (worn)
Wands
 g - a wand of digging (3)
 j - a wand of iceblast (1)
Scrolls
 c - a scroll of fog
 d - 2 scrolls of magic mapping
Potions
 f - 2 potions of haste
 i - a potion of lignification {unknown}
 k - a potion of heal wounds {unknown}


   Skills:
 + Level 6.7 Fighting
 + Level 1.7 Short Blades
 + Level 4.9 Long Blades
 + Level 1.7 Axes
 + Level 1.7 Maces & Flails
 + Level 1.7 Polearms
 + Level 1.7 Staves
 + Level 1.7 Ranged Weapons
 + Level 1.7 Throwing
 + Level 1.7 Armour
 + Level 4.9 Dodging
 + Level 9.7 Stealth
 + Level 1.7 Shields
 + Level 1.7 Unarmed Combat
 + Level 1.7 Spellcasting
 + Level 1.3 Conjurations
 + Level 1.3 Hexes
 + Level 1.3 Summonings
 + Level 1.3 Necromancy
 + Level 1.3 Translocations
 + Level 1.3 Transmutations
 + Level 1.3 Fire Magic
 + Level 1.3 Ice Magic
 + Level 1.3 Air Magic
 + Level 1.3 Earth Magic
 + Level 1.3 Poison Magic
 + Level 2.0 Invocations
 + Level 1.7 Evocations


You had 7 spell levels left.
You didn't know any spells.
Your spell library was empty.

Dungeon Overview and Level Annotations

Branches:
Dungeon (5/15)
 Temple: D:4-7

Altars:


Innate Abilities, Weirdness & Mutations

You have very sharp teeth.
Your uncanny sense of smell can sniff out nearby items.
Your experience applies equally to all skills.


Message History

The gnoll is no longer moving quickly.
The gnoll is no longer moving quickly. x2
There is a stone staircase leading up here.
You start resting.
An iguana is nearby!
You barely miss the iguana. You bite the iguana, but do no damage.
The iguana closely misses you.
You barely miss the iguana. The iguana barely misses you.
You barely miss the iguana. The iguana bites you!
* * * LOW HITPOINT WARNING * * *
You are too injured to fight recklessly!
Aiming: Iceblast
Press: ? - help, Q - select action, (/) - cycle Shift-Dir - straight line The mass of ice explodes!
The iceblast engulfs the iguana!
The iguana is heavily wounded.
The iguana closely misses you.
You barely miss the iguana. Your punch misses the iguana.
The iguana is heavily wounded.
The iguana bites you but does no damage.
You hit the iguana.
The iguana is severely wounded.
The iguana completely misses you.
You hit the iguana but do no damage. Your bite misses the iguana.
The iguana is severely wounded.
The iguana closely misses you. The iguana misses you.
You closely miss the iguana.
The iguana is heavily wounded.
The iguana closely misses you.
You hit the iguana.
The iguana is severely wounded.
The iguana bites you.
* * * LOW HITPOINT WARNING * * *
You completely miss the iguana.
The iguana is severely wounded.
The iguana bites you.
* * * LOW HITPOINT WARNING * * *
You hit the iguana but do no damage.
The iguana is severely wounded.
The iguana bites you!
You die...

...#............#................
...#####..###...#................
.......#..#############.....#####
.......#...'....#.....#.....#
.......#...#....'.....#.....#
.......'...#....#.....'.....#
.......########'#######.....#####
....#####..........# ###........
....# #.......@..# #........
....# #......l...# #........
....# #..........# #........
....+ #..........# #........
....# #..........# #........
....# #..........# #........
l...# #..........# #........
.g..#####..........######........
'#........#####.....#...##.......


You could see an iguana.

Vanquished Creatures
  2 necrophages (D:5)
  A hound (D:5)
  An iguana (D:5)
  2 adders (D:5)
  3 worms (D:5)
9 creatures vanquished.

Notes
Turn   | Place    | Note
-------+----------+-------------------------------------------
     0 | D:5      | Reached skill level 9 in Stealth
     0 | D:5      | sircluck the Gnoll Delver began the quest for the Orb.
     0 | D:5      | Reached XP level 1. HP: 23/23 MP: 1/1
     6 | D:5      | Noticed an iguana
    34 | D:5      | Killed an iguana
    35 | D:5      | Reached XP level 2. HP: 25/29 MP: 2/2
    35 | D:5      | Reached XP level 3. HP: 30/35 MP: 3/3
   102 | D:5      | Noticed a necrophage
   111 | D:5      | Killed a necrophage
   112 | D:5      | Reached skill level 1 in Short Blades
   112 | D:5      | Reached skill level 1 in Axes
   112 | D:5      | Reached skill level 1 in Maces & Flails
   112 | D:5      | Reached skill level 1 in Polearms
   112 | D:5      | Reached skill level 1 in Staves
   112 | D:5      | Reached skill level 1 in Ranged Weapons
   112 | D:5      | Reached skill level 1 in Throwing
   112 | D:5      | Reached skill level 1 in Armour
   112 | D:5      | Reached skill level 1 in Shields
   112 | D:5      | Reached skill level 1 in Unarmed Combat
   112 | D:5      | Reached skill level 1 in Spellcasting
   112 | D:5      | Reached skill level 1 in Conjurations
   112 | D:5      | Reached skill level 1 in Hexes
   112 | D:5      | Reached skill level 1 in Summonings
   112 | D:5      | Reached skill level 1 in Necromancy
   112 | D:5      | Reached skill level 1 in Translocations
   112 | D:5      | Reached skill level 1 in Transmutations
   112 | D:5      | Reached skill level 1 in Fire Magic
   112 | D:5      | Reached skill level 1 in Ice Magic
   112 | D:5      | Reached skill level 1 in Air Magic
   112 | D:5      | Reached skill level 1 in Earth Magic
   112 | D:5      | Reached skill level 1 in Poison Magic
   112 | D:5      | Reached skill level 1 in Invocations
   112 | D:5      | Reached skill level 1 in Evocations
   112 | D:5      | Reached XP level 4. HP: 19/41 MP: 3/5
   238 | D:5      | Noticed a necrophage
   251 | D:5      | Killed a necrophage
   252 | D:5      | Reached XP level 5. HP: 27/47 MP: 5/7
   837 | D:5      | HP: 2/47 [iguana (5)]
   838 | D:5      | Mangled by an iguana

Illustrated notes

Levels and vault maps discovered:
D:5:      layout_gridville

Skill      XL: |  1  2  3  4  5 |
---------------+----------------+-----
Stealth        | |  9.7
Short Blades   | 1 |  1.7
Axes           | 1 |  1.7
Maces & Flails | 1 |  1.7
Polearms       | 1 |  1.7
Staves         | 1 |  1.7
Ranged Weapons | 1 |  1.7
Throwing       | 1 |  1.7
Armour         | 1 |  1.7
Shields        | 1 |  1.7
Unarmed Combat | 1 |  1.7
Spellcasting   | 1 |  1.7
Conjurations   | 1 |  1.3
Hexes          | 1 |  1.3
Summonings     | 1 |  1.3
Necromancy     | 1 |  1.3
Translocations | 1 |  1.3
Transmutations | 1 |  1.3
Fire Magic     | 1 |  1.3
Ice Magic      | 1 |  1.3
Air Magic      | 1 |  1.3
Earth Magic    | 1 |  1.3
Poison Magic   | 1 |  1.3
Invocations    | 1 2 |  2.0
Evocations     | 1 |  1.7
Fighting       | |  6.7
Long Blades    | |  4.9
Dodging        | |  4.9

Action                     |  1- 3 |  4- 6 || total
---------------------------+-------+-------++-------
  Melee: Falchion          |    11 |    58 ||    69
         Bite              |     3 |     8 ||    11
         Punch             |       |     3 ||     3
  Evoke: Wand              |       |     1 ||     1
    Use: Scroll            |       |     1 ||     1
   Stab: Sleeping          |     1 |     3 ||     4
 Armour: Leather armour    |       |     7 ||     7
  Dodge: Dodged            |     6 |    33 ||    39

Table legend: (Time is in decaauts)
 A = Elapsed time spent in this place.
 B = Non-inter-level travel time spent in this place.
 C = Inter-level travel time spent in this place.
 D = Time resting spent in this place.
 E = Time spent auto-exploring this place.
 F = Levels seen in this place.
 G = Mean time per level.
                   A        B        C        D        E       F      G
               +--------+--------+--------+--------+--------+-----+--------+
         Total |    843 |    843 |      0 |     22 |    663 |   1 |  843.0 |
       Dungeon |    843 |    843 |      0 |     22 |    663 |   1 |  843.0 |
               +--------+--------+--------+--------+--------+-----+--------+

Top non-repeatable levels by time:
     D:5: 843 daAuts
